 Dungeon Sprint DCSS version 0.29.1-1-gd02db6906a (webtiles) character file.

Game seed: 3482157849156295964

2842 Groucho the Unseen (level 9, -2/49 HPs)
             Began as a Felid Fighter on Oct 9, 2022.
             Was the Champion of Makhleb.
             Slain by a catoblepas (16 damage)
             ... while petrified by a catoblepas
             ... in the Dungeon (Sprint IX: "|||||||||||||||||||||||||||||").
             The game lasted 00:04:00 (558 turns).

Groucho the Unseen (Felid Fighter)                   Turns: 558, Time: 00:04:00

Health: -2/49      AC:  2    Str: 18    XL:     9   Next: 46%
Magic:  18/18      EV:  4    Int: 10    God:    Makhleb [******]
Gold:   15         SH:  0    Dex: 20    Spells: 8/8 levels left
                                        Lives:  0   Deaths: 2

rFire   . . .      SeeInvis +     - Unarmed
rCold   . . .      Faith    .   (shield unavailable)
rNeg    + + +      Spirit   .   (body armour unavailable)
rPois   ∞          Reflect  .   (helmet unavailable)
rElec   .          Harm     .   (cloak unavailable)
rCorr   .          Rampage  .   (gloves unavailable)
Will    +....      NoTele   +   (boots unavailable)
Stlth   +++++++...              (no amulet)
HPRegen 0.16/turn               k - +3 ring of strength
MPRegen 0.16/turn               l - +3 ring of strength

@: petrified, quick
A: very small, claws 1, fangs 3, see invisible, speed 1, shaggy fur 2, stealthy
paws, no weapons or thrown items, no armour, multi-lived
a: Renounce Religion, Minor Destruction, Lesser Servant of Makhleb, Major
Destruction, Greater Servant of Makhleb


You were in the Dungeon.
You worshipped Makhleb.
Makhleb was exalted by your worship.
You visited 1 branch You collected 15 gold pieces.

Inventory:

Jewellery
 k - a +3 ring of strength (left paw)
 l - a +3 ring of strength (right paw)
 n - a ring of fire
 o - a ring of protection from cold
 p - a ring of protection from fire
Wands
 j - a wand of roots (10)
Scrolls
 d - 2 scrolls of identify
 g - 4 scrolls of blinking
 i - 2 scrolls of amnesia
 m - 2 scrolls of fear
Potions
 a - 4 potions of might
 b - 5 potions of curing
 c - 2 potions of mutation
 e - 4 potions of magic
 f - 4 potions of berserk rage
 h - 6 potions of heal wounds


   Skills:
 + Level 12.4 Fighting
 + Level 15.9 Dodging
 + Level 16.6 Stealth
 + Level 12.7 Unarmed Combat
 + Level 10.6 Invocations


You had 8 spell levels left.
You didn't know any spells.
Your spell library was empty.

Dungeon Overview and Level Annotations

Branches:
Dungeon (1/1)

Altars:
Cheibriados
Dithmenos
Elyvilon
Fedhas
Gozag
Hepliaklqana
Kikubaaqudgha
Makhleb
Nemelex Xobeh
Okawaru
Qazlal
Ru
Sif Muna
Trog
Uskayaw
Vehumet
Wu Jian
Xom
Yredelemnul
Zin
The Shining One
Jiyva
Lugonu

Annotations:
D Sonja


Innate Abilities, Weirdness & Mutations

You have sharp claws.
You have razor-sharp teeth.
You have supernaturally acute eyesight. (SInv)
You cover ground quickly. (Speed+)
You are covered in thick fur. (AC +2)
Your paws help you pounce on unaware monsters.
You are incapable of wielding weapons or throwing items.
You cannot wear armour.
You gain extra lives every three experience levels.


Message History

You completely miss the catoblepas. The catoblepas misses you.
You claw the catoblepas!
You bite the catoblepas, but do no damage.
The catoblepas is moderately wounded.
You scratch the catoblepas but do no damage.
The catoblepas is moderately wounded.
The catoblepas misses you.
You completely miss the catoblepas.
The catoblepas is moderately wounded.
The catoblepas breathes a plume of calcifying dust at you.
The blast of calcifying dust hits you.
You scratch the catoblepas but do no damage.
The catoblepas is moderately wounded.
You are engulfed in calcifying dust.
The catoblepas closely misses you.
You mangle the catoblepas!!
The catoblepas is heavily wounded.
You are engulfed in calcifying dust.
You barely miss the catoblepas.
You bite the catoblepas, but do no damage.
The catoblepas is heavily wounded.
You are engulfed in calcifying dust.
You are slowing down.
The catoblepas gores you!
Unknown command.
Unknown command.
Unknown command.
Unknown command.
Unknown command.
Unknown command.
Unknown command.
You are engulfed in calcifying dust.
Your limbs have turned to stone.
The catoblepas closely misses you. The catoblepas gores you!!
You have turned to stone.
You are engulfed in calcifying dust.
The catoblepas gores you but does no damage.
The catoblepas breathes a plume of calcifying dust at you.
The blast of calcifying dust hits you!
* * * LOW HITPOINT WARNING * * *
You are engulfed in calcifying dust.
The catoblepas gores you!!
You die...

[[[[[[......?.?.+
▓▓▓▓▓▓▓▓▓▓▓▓▓▓▓▓▓ ... ▓▓▓
▓▓▓▓▓▓▓▓▓▓▓▓▓▓▓▓▓▓▓▓▓▓▓▓
.....'.††..§.§§'@YYYYYY.
▓▓▓▓▓▓▓▓▓▓▓▓▓▓▓▓▓▓▓▓▓▓▓▓▓▓▓▓▓▓▓▓▓
.................................
▓▓▓▓▓▓▓▓▓▓▓▓▓▓▓▓▓▓▓▓▓▓▓▓▓▓▓▓▓▓▓▓▓
_______________'..).[[[..')).).['
▓▓▓▓▓▓▓▓▓▓▓▓▓▓▓▓▓▓▓▓▓▓▓▓▓▓▓▓▓▓▓▓▓


You could see 3 death yaks, 2 catoblepae and a yak.

Vanquished Creatures
  2 death yaks (D)
  A deep elf pyromancer (D)
  An ugly thing (D)
  A black mamba (D)
  A cane toad (D)
  5 komodo dragons (D)
  An unseen horror (D)
  2 polar bears (D)
  A queen bee (shapeshifter) (D)
  A troll (D)
  A blink frog (D)
  A vampire (D)
  2 yaks (D)
  2 wyverns (D)
  A vampire mosquito (D)
  A water moccasin (D)
  A black bear (shapeshifter) (D)
  A centaur (D)
  3 wolves (D)
  A bullfrog (D)
  A gnoll sergeant (D)
  A scorpion (D)
  A jelly (D)
  A hound (D)
  An orc wizard (D)
  An orc (D)
  A ball python (D)
  A bat (D)
  A goblin (D)
  A quokka (D)
  A kobold (D)
  A rat (D)
42 creatures vanquished.

Notes
Turn   | Place    | Note
-------+----------+-------------------------------------------
     0 | D        | Groucho the Felid Fighter began the quest for the Orb.
     0 | D        | Reached XP level 1. HP: 10/10 MP: 2/2
     5 | D        | Reached skill level 1 in Stealth
    15 | D        | Reached skill level 2 in Stealth
    21 | D        | Noticed a hound
    21 | D        | Noticed a jelly
    21 | D        | Noticed a scorpion
    26 | D        | Killed a hound
    27 | D        | Reached skill level 5 in Dodging
    27 | D        | Reached skill level 4 in Stealth
    27 | D        | Reached skill level 5 in Unarmed Combat
    27 | D        | Reached XP level 2. HP: 13/15 MP: 3/3
    27 | D        | Reached XP level 3. HP: 15/18 MP: 4/4
    34 | D        | Reached skill level 5 in Stealth
    47 | D        | Killed a scorpion
    48 | D        | Reached skill level 5 in Fighting
    48 | D        | Reached skill level 6 in Stealth
    48 | D        | Reached XP level 4. HP: 19/23 MP: 5/5
    54 | D        | Found a snail-covered altar of Cheibriados.
    54 | D        | Found a shadowy altar of Dithmenos.
    54 | D        | Found a white marble altar of Elyvilon.
    54 | D        | Found a blossoming altar of Fedhas.
    54 | D        | Found an opulent altar of Gozag.
    55 | D        | Found a hazy altar of Hepliaklqana.
    56 | D        | Found a viscous altar of Jiyva.
    57 | D        | Found an ancient bone altar of Kikubaaqudgha.
    58 | D        | Found a corrupted altar of Lugonu.
    59 | D        | Found a burning altar of Makhleb.
    60 | D        | Found a sparkling altar of Nemelex Xobeh.
    61 | D        | Found an iron altar of Okawaru.
    62 | D        | Found a stormy altar of Qazlal.
    63 | D        | Found a sacrificial altar of Ru.
    64 | D        | Found a shimmering blue altar of Sif Muna.
    65 | D        | Found a bloodstained altar of Trog.
    66 | D        | Found a hide-covered altar of Uskayaw.
    67 | D        | Became a worshipper of Makhleb the Destroyer
    68 | D        | Found a radiant altar of Vehumet.
    69 | D        | Found an ornate altar of the Wu Jian Council.
    70 | D        | Found a shimmering altar of Xom.
    71 | D        | Found a basalt altar of Yredelemnul.
    72 | D        | Found a glowing silver altar of Zin.
    73 | D        | Found a glowing golden altar of the Shining One.
    99 | D        | Noticed a gnoll sergeant
    99 | D        | Noticed a wyvern
    99 | D        | Noticed a centaur
    99 | D        | Noticed an unseen horror
    99 | D        | Noticed a troll
   103 | D        | Killed a gnoll sergeant
   104 | D        | Reached skill level 7 in Stealth
   104 | D        | Reached XP level 5. HP: 26/27 MP: 6/6
   106 | D        | Reached skill level 8 in Stealth
   107 | D        | Killed a wyvern
   107 | D        | Reached * piety under Makhleb
   108 | D        | Reached skill level 9 in Stealth
   108 | D        | Gained mutation: You are covered in thick fur. (AC +2)
                  | [Felid growth]
   108 | D        | Reached XP level 6. HP: 32/33 MP: 6/9
   110 | D        | Reached skill level 10 in Dodging
   113 | D        | Killed an unseen horror
   114 | D        | Reached skill level 10 in Stealth
   114 | D        | Reached XP level 7. HP: 37/37 MP: 6/11
   117 | D        | Killed a troll
   117 | D        | Reached ** piety under Makhleb
   118 | D        | Reached skill level 11 in Stealth
   118 | D        | Reached skill level 5 in Invocations
   119 | D        | Noticed a queen bee
   119 | D        | Noticed a vampire mosquito
   119 | D        | Noticed a deep elf pyromancer
   119 | D        | Noticed a cyan ugly thing
   119 | D        | Noticed a vampire
   123 | D        | Killed a queen bee
   124 | D        | Reached skill level 12 in Stealth
   124 | D        | Reached XP level 8. HP: 42/42 MP: 7/13
   127 | D        | Killed a deep elf pyromancer
   127 | D        | Reached *** piety under Makhleb
   128 | D        | Reached skill level 10 in Unarmed Combat
   129 | D        | Killed a cyan ugly thing
   130 | D        | Reached skill level 10 in Fighting
   130 | D        | Reached skill level 13 in Stealth
   130 | D        | Reached XP level 9. HP: 46/46 MP: 7/15
   300 | D        | Noticed a polar bear
   300 | D        | Noticed a polar bear
   300 | D        | Noticed a komodo dragon
   301 | D        | Noticed a komodo dragon
   302 | D        | Reached **** piety under Makhleb
   311 | D        | Killed a polar bear
   312 | D        | Reached skill level 14 in Stealth
   313 | D        | Noticed a komodo dragon
   319 | D        | Killed a polar bear
   326 | D        | Killed a komodo dragon
   339 | D        | Reached ***** piety under Makhleb
   343 | D        | Killed a komodo dragon
   355 | D        | Killed a komodo dragon
   356 | D        | Reached skill level 15 in Stealth
   356 | D        | Reached XP level 10. HP: 52/52 MP: 17/17
   368 | D        | Noticed a cane toad
   370 | D        | Noticed a black mamba
   384 | D        | Reached skill level 15 in Dodging
   389 | D        | Reached ****** piety under Makhleb
   397 | D        | Killed a cane toad
   398 | D        | Reached skill level 10 in Invocations
   401 | D        | HP: 1/53 [black mamba (18)]
   402 | D        | Slain by a black mamba
   403 | D        | Reached XP level 9. HP: -1/49 MP: 17/17
   473 | D        | Noticed Sonja
   482 | D        | Slain by Sonja
   483 | D        | Reached XP level 8. HP: -2/45 MP: 16/16
   491 | D        | Killed a black mamba
   492 | D        | Reached skill level 16 in Stealth
   541 | D        | Noticed a death yak
   541 | D        | Noticed a death yak
   541 | D        | Noticed a catoblepas
   541 | D        | Noticed a catoblepas
   541 | D        | Noticed a death yak
   542 | D        | Noticed a death yak
   543 | D        | Killed a death yak
   544 | D        | Reached XP level 9. HP: 49/49 MP: 17/17
   544 | D        | Noticed a death yak
   545 | D        | Killed a death yak
   558 | D        | Slain by a catoblepas

Illustrated notes

Levels and vault maps discovered:
D:        linesprint [early_d, line_temple, items_1, d_10, items_2, lair_1,
          lair_end, items_3, orc_1, orc_end, items_4, d_15, swamp_1, shoals_1,
          snake_1, spider_1, d_20, vaults_1, items_5, swamp_end, shoals_end,
          snake_end, spider_end, vaults_end, d_27, items_6, zot_1, zot_end,
          crypt_end, forest_end, elf_end, slime_end, tomb_end, abyss_end,
          pan_hell_end]

Skill      XL: |  1  2  3  4  5  6  7  8  9 10 |
---------------+-------------------------------+-----
Stealth        | 4 6 7 9 10 12 16 15 | 16.6
Fighting       | 4 5 6 7 8 9 12 11 | 12.4
Dodging        | 5 7 8 9 10 11 13 14 15 | 15.9
Unarmed Combat | 5 6 7 8 9 10 11 12 | 12.7
Invocations    | 3 4 6 7 9 10 | 10.6

Action                   |  1- 3 |  4- 6 |  7- 9 | 10-12 || total
-------------------------+-------+-------+-------+-------++-------
Melee: Unarmed           |    35 |     8 |    86 |    31 ||   160
       Bite              |     5 |     1 |    10 |     5 ||    21
       Punch             |     1 |       |     7 |     3 ||    11
  Use: Potion            |     1 |     2 |       |     1 ||     4
 Stab: Sleeping          |       |     4 |     8 |     3 ||    15
       Invisible         |       |       |     2 |       ||     2
       Distracted        |       |       |     1 |       ||     1
Armor: Skin              |       |       |     3 |       ||     3
Dodge: Dodged            |    31 |     4 |    96 |    19 ||   150
